 Dungeon Crawl Stone Soup version 0.19.1-1-g22dce08 (webtiles) character file.

66936 Kwzr the Martial Artist (level 14, -2/124 HPs)
             Began as a Yellow Draconian Monk on Jan 12, 2017.
             Was a High Priest of Makhleb.
             Slain by a sixfirhy (10 damage)
             ... summoned by an orc high priest
             ... on level 2 of the Orcish Mines.
             The game lasted 02:45:25 (24535 turns).

Kwzr the Martial Artist (Yellow Draconian Monk)    Turns: 24535, Time: 02:45:26

Health: -2/124     AC: 14    Str: 13    XL:     14   Next: 81%
Magic:  26/26      EV: 21    Int: 13    God:    Makhleb [*****.]
Gold:   2547       SH:  5    Dex: 17    Spells: 2 memorised, 23 levels left

rFire  + . .     SeeInvis .       - Unarmed
rCold  . . .     Gourm    .     (armour unavailable)
rNeg   . . .     Faith    .     (shield currently unavailable)
rPois  .         Spirit   .     E - +2 hat
rElec  .         Reflect  +     J - +2 cloak
rCorr  +         Harm     .     (gloves currently unavailable)
MR     +....                    L - +0 pair of boots
Stlth  ++........               p - +5 amulet of reflection
                                (no ring)
                                g - ring of protection from fire

@: blade hands
A: spit acid, acid resistance, unfitting armour, acidic bite, cold-blooded, AC
+8
a: Spit Acid, End Transformation, Minor Destruction, Lesser Servant of Makhleb,
Major Destruction, Greater Servant of Makhleb, Renounce Religion


You were on level 2 of the Orcish Mines.
You worshipped Makhleb.
Makhleb was extremely pleased with you.
You were not hungry.
You had blades for hands.
You visited 4 branches of the dungeon, and saw 22 of its levels.
You also visited: Ice Cave and Volcano.

You collected 2904 gold pieces.
You spent 357 gold pieces at shops.

Inventory:

Hand Weapons
 b - a +1 hunting sling
 P - the +9 dagger of Chilly Death {flash freeze, rPois rF- rC++ MR+}
   (You found it on level 1 of the Lair of Beasts)

   It has been specially enchanted to freeze those struck by it, causing extra
   injury to most foes and up to half again as much damage against particularly
   susceptible opponents.
   It can also slow down cold-blooded creatures.
   It makes you vulnerable to fire.
   It greatly protects you from cold.
   It protects you from poison.
   It affects your resistance to hostile enchantments.
Missiles
 l - 54 sling bullets
 v - 13 tomahawks (quivered)
Armour
 s - a +2 pair of gloves (melded)
 E - a +2 hat (worn)
 J - a +2 cloak (worn)
 L - a +0 pair of boots (worn)
Rods
 k - a +1 rod of inaccuracy (9/9)
   (You found it on level 6 of the Lair of Beasts)
Jewellery
 g - a ring of protection from fire (left scythe-like blade)
 p - a +5 amulet of reflection (around neck)
Wands
 u - a wand of enslavement (9/24)
 I - a wand of iceblast (3/15)
 K - a wand of iceblast (7/15)
 R - a wand of iceblast (12/15)
 T - a wand of lightning (4/15)
 U - a wand of acid (11/15)
Scrolls
 c - 13 scrolls of teleportation
 d - 2 scrolls of fear
 f - a scroll of remove curse
 m - a scroll of magic mapping
 q - 2 scrolls of enchant armour
 t - a scroll of blinking
 w - 4 scrolls of enchant weapon
 X - 3 scrolls of identify
Potions
 e - a potion of mutation
 i - 6 potions of resistance
 n - 4 potions of magic
 r - 2 potions of heal wounds
 z - a potion of ambrosia {unknown}
 A - a potion of agility
 B - 4 potions of curing
 M - a potion of haste
 O - 4 potions of might
 Q - 3 potions of brilliance
Books
 D - a book of the Warp

   Spells                             Type                      Level
   a - Gell's Gravitas                Hexes/Translocation          3
   b - Portal Projectile              Translocation                3
   c - Force Lance                    Conjuration/Translocation    4
   d - Dispersal                      Translocation                6
   e - Controlled Blink               Translocation                8
   f - Disjunction                    Translocation                8
Miscellaneous
 x - a lamp of fire
Comestibles
 a - 10 bread rations
 h - 4 beef jerkies
 j - 39 fruits
 o - a meat ration
 C - a chunk of flesh


   Skills:
 + Level 11.4 Fighting
 + Level 12.3 Dodging
 - Level 2.3 Stealth
 + Level 13.3 Unarmed Combat
 - Level 8.4 Spellcasting
 - Level 11.1 Transmutations
 - Level 8.2 Invocations


You had 23 spell levels left.
You knew the following spells:

 Your Spells              Type           Power        Failure   Level  Hunger
a - Beastly Appendage     Tmut           ####..       10%         1    None
b - Blade Hands           Tmut           ####......   32%         5    #####..


Dungeon Overview and Level Annotations

Branches:
Dungeon (13/15)            Temple (1/1) D:4            Lair (6/6) D:11
  Swamp (0/4) Lair:3        Snake (0/4) Lair:4        Slime (0/5) Lair:5
    Orc (2/2) D:11            Elf (0/3) Orc:2
 Vaults: D:13-14

Altars:
Ashenzari
Cheibriados
Makhleb
Nemelex Xobeh
Okawaru
Ru
Trog
Uskayaw
Xom
Yredelemnul
The Shining One
Beogh
Jiyva

Shops:
D:4 ?   D:9 ![%:   D:11 %


Innate Abilities, Weirdness & Mutations

You can spit globs of acid.
You are resistant to acid.
Your golden yellow scales are hard. (AC +8)
You cannot fit into any form of body armour.
You have acidic saliva.
You are cold-blooded and may be slowed by cold attacks.


Message History

Beogh smites you!
* * * LOW HITPOINT WARNING * * *
The orc warrior no longer looks unusually strong.
The orc knight roars a battlecry!
The orc warrior goes into a battle-frenzy!
The orc priest no longer looks unusually strong.
The orc warrior no longer looks unusually strong.
The sixfirhy hits you but does no damage.
The orc warrior no longer looks unusually strong. x2
The orc knight no longer looks unusually strong.
The orc warrior no longer looks unusually strong.
The orc priest calls down the wrath of Beogh upon you.
Beogh smites you!
* * * LOW HITPOINT WARNING * * *
Things that are here:
a plate armour; a flail; a dagger of holy wrath The sixfirhy hits you.
* * * LOW HITPOINT WARNING * * *
The sixfirhy shocks you!
You die...

................#
............##### .............##
####### ..............#
###.....###
..............####.........###
..............##.............##
..)........(..#.....o......)))#
............(.#.#3#.#.#o#.#)#.#.
......$......))[@[ooo.oo.......o
..............)).[...o..oo.o..#.#
....................o............
..............#.#.#.#.#.#.#.#.#.#
..............#...............###
...........[..##.............##
..............####.........###
..............# ###.....###
..............# #######


You could see an orc knight, a sixfirhy, 6 orc warriors and an orc priest.

Vanquished Creatures
  Frances (D:12)
  An ettin (Orc:2)
  Josephine (Lair:5)
  Harold (Lair:1)
  2 ice dragons (Lair:1)
  Erolcha (D:11)
  2 hydras
  A centaur warrior (D:11)
  A death yak (IceCv)
  A hell hog (Volcano)
  An orc high priest (Orc:2)
  Sonja (D:12)
  An unseen horror (D:9)
  2 orc knights (Orc:2)
  A deep elf mage (D:12)
  2 hill giants
  An ugly thing (D:12)
  2 salamanders (Volcano)
  A manticore (D:12)
  A centaur zombie (D:12)
  A cyclops (Orc:1)
  6 elephants (Lair:6)
  7 black mambas
  5 torpor snails
  9 spiny frogs
  2 molten gargoyles (Lair:6)
  8 komodo dragons
  4 rime drakes
  4 trolls
  2 two-headed ogres
  15 polar bears
  10 dream sheep
  5 hippogriffs
  5 blink frogs
  3 slime creatures (D:12)
  34 yaks
  4 wraiths
  A wyvern (Lair:5)
  8 fire bats
  2 basilisks
  3 steam dragons
  A mottled dragon (Lair:6)
  A warg (Orc:1)
  3 nagas (Lair:4)
  11 swamp worms
  12 water moccasins
  4 hell hounds
  8 porcupines
  14 ice beasts
  9 orc warriors
  A black bear (D:4)
  19 wolves
  8 ogres
  13 centaurs
  12 crocodiles
  3 big kobolds (D:9)
  18 bullfrogs
  3 scorpions
  A water moccasin skeleton (D:8)
  4 wights
  4 howler monkeys
  An electric eel (Lair:3)
  4 lava snakes
  7 crimson imps
  4 bullfrog zombies
  A quasit (D:6)
  2 jellies
  A bullfrog skeleton (D:9)
  6 hounds
  18 orc priests
  16 orc wizards
  A centaur skeleton (D:7)
  2 iguanas
  4 worker ants
  A killer bee zombie (D:10)
  A hound zombie (D:7)
  2 hound skeletons
  10 adders
  3 gnolls (D:2)
  3 shadow imps
  An ooze (D:1)
  An adder skeleton (D:6)
  16 worms
  2 dart slugs (D:1)
  7 leopard geckos
  54 orcs
  3 ball pythons
  11 bats
  8 giant cockroaches
  6 goblins
  10 hobgoblins
  17 jackals
  4 quokkas
  4 frilled lizards
  6 kobolds
  A leopard gecko zombie (D:6)
  A quokka skeleton (D:6)
  13 rats
  2 fungi (D:11)
  2 plants (D:11)
568 creatures vanquished.

Vanquished Creatures (collateral kills)
  A frost giant (IceCv)
  A fire dragon (Lair:6)
  4 hydras
  A deep elf archer (D:12)
  3 hill giants
  A wolf spider (Lair:6)
  2 lindwurms
  A manticore (D:8)
  An ice statue (IceCv)
  A molten gargoyle (Lair:6)
  A black mamba (Lair:6)
  2 komodo dragons
  4 trolls
  7 polar bears (IceCv)
  A two-headed ogre (D:8)
  3 hippogriffs
  3 dream sheep (Lair:5)
  3 blink frogs (Lair:5)
  2 wyverns (Lair:6)
  3 basilisks
  12 yaks
  2 swamp worms (Lair:6)
  3 hell hounds (Lair:6)
  5 ice beasts (Lair:1)
  4 orc warriors
  A black bear (Lair:2)
  An ogre (D:11)
  A centaur (D:8)
  11 wolves
  2 bullfrogs
  5 wights
  A howler monkey (D:4)
  A crimson imp (D:6)
  3 lava snakes (Lair:6)
  5 orc priests
  An orc wizard (D:4)
  A centaur skeleton (D:12)
  An iguana (D:11)
  A worker ant (D:6)
  A river rat (D:11)
  An adder (D:8)
  2 leopard geckos
  11 orcs
  A bat (D:11)
  3 rats (D:11)
  3 fungi
  2 plants
130 creatures vanquished.

Vanquished Creatures (others)
  A two-headed ogre (Volcano)
  A centaur (Volcano)
  A bush (Lair:6)
  2 fire vortices (D:11)
  12 fungi (Lair:6)
  7 plants (Lair:6)
24 creatures vanquished.

Grand Total: 722 creatures vanquished

Notes
Turn   | Place    | Note
-------+----------+-------------------------------------------
     0 | D:1      | Kwzr the Draconian Monk began the quest for the Orb.
     0 | D:1      | Reached XP level 1. HP: 19/19 MP: 1/1
   186 | D:1      | Reached XP level 2. HP: 24/26 MP: 2/2
   361 | D:1      | Reached XP level 3. HP: 31/31 MP: 3/3
   943 | D:2      | Found a burning altar of Makhleb.
   952 | D:2      | Found a shimmering altar of Xom.
   961 | D:2      | Became a worshipper of Makhleb the Destroyer
   961 | D:2      | Reached * piety under Makhleb
   961 | D:2      | Reached ** piety under Makhleb
  1072 | D:2      | Reached XP level 4. HP: 38/38 MP: 4/4
  1166 | D:2      | Reached skill level 4 in Unarmed Combat
  1671 | D:3      | Found a sparkling altar of Nemelex Xobeh.
  1922 | D:3      | Found a sacrificial altar of Ru.
  1928 | D:3      | Reached *** piety under Makhleb
  1932 | D:3      | Found a shattered altar of Ashenzari.
  1937 | D:3      | Found a hide-covered altar of Uskayaw.
  2050 | D:3      | Reached skill level 1 in Invocations
  2075 | D:3      | Reached XP level 5. HP: 46/46 MP: 5/5
  2359 | D:3      | Found a bloodstained altar of Trog.
  2543 | D:4      | Found Meweme's Magic Scroll Emporium.
  2552 | D:4      | Bought a scroll of teleportation for 36 gold pieces
  2552 | D:4      | Bought a scroll of remove curse for 36 gold pieces
  2552 | D:4      | Bought a scroll of enchant armour for 90 gold pieces
  2667 | D:4      | Learned a level 1 spell: Beastly Appendage
  2752 | D:4      | Noticed a black bear
  2763 | D:4      | Killed a black bear
  2763 | D:4      | Reached skill level 5 in Unarmed Combat
  2763 | D:4      | Reached XP level 6. HP: 37/52 MP: 5/7
  2970 | D:4      | Found a staircase to the Ecumenical Temple.
  2983 | Temple   | Entered the Ecumenical Temple
  3228 | D:5      | Entered Level 5 of the Dungeon
  3482 | D:4      | Your scales start taking on a golden yellow colour.
  3482 | D:4      | Reached XP level 7. HP: 60/60 MP: 8/8
  3674 | D:5      | Found an iron altar of Okawaru.
  3786 | D:5      | Found a glowing golden altar of the Shining One.
  3898 | D:5      | Reached skill level 5 in Dodging
  4004 | D:5      | Reached skill level 5 in Fighting
  4004 | D:5      | Reached skill level 6 in Unarmed Combat
  4057 | D:6      | Found a basalt altar of Yredelemnul.
  4175 | D:6      | Reached XP level 8. HP: 67/68 MP: 10/10
  4997 | D:6      | Reached skill level 7 in Unarmed Combat
  5875 | D:7      | Found an iron altar of Okawaru.
  5877 | D:7      | Noticed a hippogriff
  5891 | D:7      | Killed a hippogriff
  5910 | D:7      | Noticed a hill giant
  5919 | D:7      | Killed a hill giant
  5919 | D:7      | Reached skill level 8 in Unarmed Combat
  5919 | D:7      | Reached XP level 9. HP: 78/78 MP: 11/11
  7300 | D:9      | Found Vousomya's Distillery.
  7321 | D:9      | Bought a potion of curing for 45 gold pieces
  7321 | D:9      | Bought a potion of haste for 150 gold pieces
  7368 | D:9      | Noticed a troll
  7378 | D:9      | Killed a troll
  7414 | D:9      | Reached skill level 9 in Unarmed Combat
  7431 | D:9      | Found Illao's Armour Shop.
  7495 | D:9      | Reached XP level 10. HP: 83/88 MP: 11/13
  7523 | D:9      | Reached skill level 5 in Invocations
  7542 | D:9      | Found Ajaet's Food Boutique.
  7783 | D:9      | Reached **** piety under Makhleb
  7849 | D:9      | Found Azutuxt's Book Shoppe.
  7966 | D:9      | Reached skill level 1 in Spellcasting
  7966 | D:9      | Reached skill level 1 in Transmutations
  8029 | D:9      | Noticed a three-headed hydra
  8036 | D:9      | Killed a three-headed hydra
  8154 | D:10     | Entered Level 10 of the Dungeon
  8234 | D:9      | Killed an unseen horror
  8520 | D:8      | Noticed a hill giant
  8536 | D:8      | Killed a hill giant
  8576 | D:8      | Noticed a manticore
  8586 | D:8      | Reached XP level 11. HP: 36/95 MP: 14/16
  8598 | D:8      | Reached skill level 5 in Transmutations
  9345 | D:10     | Noticed a hill giant
  9351 | D:10     | Killed a hill giant
  9976 | D:11     | Found a staircase to the Lair.
 10050 | Lair:1   | Entered Level 1 of the Lair of Beasts
 10310 | Lair:1   | Noticed an ice dragon
 10315 | Lair:1   | Noticed an ice dragon
 10539 | Lair:1   | Reached ***** piety under Makhleb
 10583 | Lair:1   | Reached skill level 10 in Unarmed Combat
 10756 | Lair:1   | Noticed Harold
 10852 | Lair:1   | Reached skill level 5 in Spellcasting
 10938 | Lair:1   | Killed an ice dragon
 11177 | Lair:1   | Learned a level 5 spell: Blade Hands
 11455 | Lair:1   | Killed Harold
 11614 | Lair:1   | Killed an ice dragon
 11648 | Lair:2   | Found a frozen archway.
 11652 | IceCv    | Entered an ice cave
 11752 | IceCv    | Reached XP level 12. HP: 82/106 MP: 18/20
 11775 | IceCv    | Noticed a death yak
 11799 | IceCv    | Killed a death yak
 12487 | IceCv    | Reached skill level 11 in Unarmed Combat
 12630 | IceCv    | Reached skill level 10 in Dodging
 12975 | IceCv    | Noticed a frost giant
 13004 | IceCv    | Reached skill level 10 in Fighting
 13008 | IceCv    | Killed a frost giant
 13059 | IceCv    | Got a transparent short sword
 13144 | Lair:1   | Identified the +9 short sword "Demonslayer" {pierce, *Drain rElec Str+4} (You found it in an ice cave)
 14139 | Lair:2   | Noticed a four-headed hydra
 14183 | Lair:2   | Killed a four-headed hydra
 14633 | Lair:3   | Found a staircase to the Swamp.
 14645 | Lair:3   | Reached skill level 12 in Unarmed Combat
 15005 | Lair:3   | Reached XP level 13. HP: 101/113 MP: 10/21
 15610 | Lair:4   | Found a staircase to the Snake Pit.
 16016 | Lair:5   | Found a labyrinth entrance.
 16045 | Lair:5   | Noticed Josephine
 16125 | Lair:5   | Killed Josephine
 16299 | Lair:5   | Found a snail-covered altar of Cheibriados.
 16434 | Lair:5   | Found a viscous altar of Jiyva.
 16434 | Lair:5   | Found a staircase to the Slime Pits.
 17196 | Lair:6   | Entered Level 6 of the Lair of Beasts
 17467 | Lair:6   | Found a dark tunnel.
 17490 | Volcano  | Entered a volcano
 18530 | Lair:6   | Reached skill level 13 in Unarmed Combat
 19004 | Lair:6   | Reached skill level 10 in Transmutations
 19380 | Lair:6   | Gained mutation: You have acidic saliva. [Yellow Draconian growth]
 19380 | Lair:6   | Reached XP level 14. HP: 119/124 MP: 22/24
 19578 | Lair:6   | Found a large runed door.
 19686 | Lair:6   | Found a large runed door.
 20829 | D:11     | Found a staircase to the Orcish Mines.
 20989 | D:11     | Found Foneky's Food Shoppe.
 21385 | D:12     | Noticed Sonja
 21387 | D:12     | Identified a +1 rod of inaccuracy (9/9) (You found it on level 6 of the Lair of Beasts)
 21388 | D:12     | Killed Sonja
 21440 | D:12     | Noticed Erolcha
 21477 | D:11     | Killed Erolcha
 22398 | D:12     | Noticed Frances
 22420 | D:12     | Killed Frances
 22890 | Orc:1    | Entered Level 1 of the Orcish Mines
 23076 | Orc:1    | Found a roughly hewn altar of Beogh.
 23432 | Orc:2    | Entered Level 2 of the Orcish Mines
 23501 | Orc:2    | Found a staircase to the Elven Halls.
 24535 | Orc:2    | Slain by a sixfirhy

Skill      XL: |  1  2  3  4  5  6  7  8  9 10 11 12 13 14 |
---------------+-------------------------------------------+-----
Stealth        | 2 |  2.3
Dodging        | 3 4 5 7 8 9 10 11 12 | 12.3
Unarmed Combat | 4 5 6 8 9 10 12 13 | 13.3
Invocations    | 1 2 3 4 6 8 |  8.2
Fighting       | 4 5 6 7 8 9 10 11 | 11.4
Spellcasting   | 3 5 7 8 |  8.4
Transmutations | 4 7 9 10 11 | 11.1

Action                   |  1- 3 |  4- 6 |  7- 9 | 10-12 | 13-15 || total
-------------------------+-------+-------+-------+-------+-------++-------
Melee: Unarmed           |    87 |   119 |   393 |   953 |  1069 ||  2621
       Tailslap          |     9 |    14 |    52 |   177 |   187 ||   439
       Punch             |     2 |     3 |    17 |    39 |    65 ||   126
       Headbutt          |       |     1 |     2 |    71 |   129 ||   203
       Bite              |       |       |       |       |    69 ||    69
 Fire: Hunting sling     |    15 |    56 |    60 |    22 |     5 ||   158
Throw: Tomahawk          |       |       |     3 |     9 |     3 ||    15
 Cast: Beastly Appendage |       |     1 |     1 |    29 |    57 ||    88
       Blade Hands       |       |       |       |     3 |    14 ||    17
Invok: Minor Destruction |     6 |    21 |    46 |   107 |   128 ||   308
       Lesser Servant of |       |     1 |     5 |    33 |    38 ||    77
       Major Destruction |       |       |       |     1 |       ||     1
 Abil: Spit Acid         |       |       |     5 |     9 |     5 ||    19
Evoke: Wand              |       |       |       |     4 |     2 ||     6
       Rod               |       |       |       |       |     1 ||     1
  Use: Scroll            |       |    13 |     9 |     3 |     7 ||    32
       Potion            |       |     1 |       |     7 |     4 ||    12
 Stab: Sleeping          |     3 |       |     3 |     5 |     6 ||    17
       Distracted        |       |       |       |     7 |     4 ||    11
  Eat: Chunk             |       |     8 |    14 |    26 |    27 ||    75
       Pizza             |       |       |       |     1 |     5 ||     6
       Meat ration       |       |       |       |       |     1 ||     1
Armor: Skin              |    21 |    43 |   115 |   258 |   220 ||   657
Dodge: Dodged            |    52 |    86 |   218 |   769 |   834 ||  1959
Block: Other             |       |     8 |    74 |   178 |   199 ||   459
       Reflection        |       |       |     1 |     1 |     7 ||     9
